 Dungeon Crawl Stone Soup version 0.30-b1-5-g8e6c1be481 (webtiles) character file.

Game seed: 60784916171173227

110 KittyFluff the Cudgeller (level 4, 0/29 HPs)
             Began as a Gargoyle Berserker on May 4, 2023.
             Was a Believer of Trog.
             Slain by Ijyb
             ... wielding a +2 dagger of venom
              (2 damage)
             ... on level 3 of the Dungeon.
             The game lasted 00:10:54 (1908 turns).

KittyFluff the Cudgeller (Gargoyle Berserker)       Turns: 1908, Time: 00:10:55

Health: 0/29       AC:  5    Str: 21    XL:     4   Next: 91%
Magic:  4/4        EV: 10    Int:  7    God:    Trog [**....]
Gold:   116        SH:  6    Dex: 11    Spells: 3/3 levels left

rFire   . . .        a - +0 mace
rCold   . . .        i - +0 kite shield
rNeg    + . .        b - +0 animal skin
rPois   ∞            (no helmet)
rElec   +            (no cloak)
rCorr   .            (no gloves)
SInv    .            (no boots)
Will    .....        d - amulet of the acrobat
Stlth   +            (no ring)
HPRegen 0.24/turn    (no ring)
MPRegen 0.09/turn

%: acrobat
@: no status effects
A: sickness immunity, AC +3, negative energy resistance 1, electricity
resistance, torment resistance 1, petrification resistance
a: Renounce Religion, Berserk, Trog's Hand


You were on level 3 of the Dungeon.
You worshipped Trog.
Trog was pleased with you.
You visited 1 branch of the dungeon, and saw 3 of its levels.

You collected 116 gold pieces.

Inventory:

Hand Weapons
 a - a +0 mace (weapon)
Missiles
 e - a poisoned dart (quivered)
Armour
 b - a +0 animal skin (worn)
 i - a +0 kite shield (worn)
Jewellery
 d - an amulet of the acrobat (around neck)
Wands
 l - a wand of digging (5)
Scrolls
 c - 3 scrolls of fear {unknown}
 f - a scroll of poison {unknown}
 g - a scroll of immolation {unknown}
 j - a scroll of teleportation {unknown}
 n - 2 scrolls of amnesia {unknown}
Potions
 h - 2 potions of attraction {unknown}
 k - 2 potions of flight {unknown}
 m - a potion of brilliance {unknown}


   Skills:
 + Level 3.8 Fighting
 + Level 4.1 Maces & Flails
 * Level 3.0 Armour
 + Level 2.2 Dodging
 + Level 0.4 Stealth
 + Level 0.3 Shields


You had 3 spell levels left.
You didn't know any spells.
Your spell library was empty.

Dungeon Overview and Level Annotations

Branches:
Dungeon (3/15)

Altars:

Annotations:
D:3 Ijyb


Innate Abilities, Weirdness & Mutations

You are immune to sickness and miasma.
Your stone body is resilient. (AC +3)
You are immune to poison.
You resist negative energy. (rN+)
You are resistant to electric shocks. (rElec)
You are resistant to unholy torment.
You are immune to petrification.


Message History

You hit Ijyb but do no damage.
Ijyb is heavily wounded.
Ijyb hits you with a +2 dagger of venom.
You hit Ijyb.
Ijyb is heavily wounded.
Ijyb barely misses you. You block Ijyb's attack.
You hit Ijyb.
Ijyb is heavily wounded.
Ijyb hits you with a +2 dagger of venom.
You hit Ijyb.
Ijyb is almost dead.
Ijyb barely misses you. Ijyb misses you.
You hit Ijyb.
Ijyb is almost dead.
Ijyb hits you but does no damage.
You hit Ijyb but do no damage.
Ijyb is almost dead.
Ijyb closely misses you.
You closely miss Ijyb.
Ijyb is almost dead.
Ijyb screams, "Me very upset!"
Ijyb hits you with a +2 dagger of venom.
* * * LOW HITPOINT WARNING * * *
Ijyb hits you with a +2 dagger of venom.
* * * LOW HITPOINT WARNING * * *
You barely miss Ijyb.
Ijyb is almost dead.
You block Ijyb's attack.
You barely miss Ijyb.
Ijyb is almost dead.
You block Ijyb's attack.
You hit Ijyb.
Ijyb is almost dead.
You block Ijyb's attack.
Ijyb hits you with a +2 dagger of venom.
* * * LOW HITPOINT WARNING * * *
You closely miss Ijyb.
Ijyb is almost dead.
Ijyb hits you with a +2 dagger of venom.
You die...

#........#†#
###..####..#†# #.'..#
#..'.# #.'..# #..'.#
#.#..####..#.###
#.#........#...###
#.#........#......
#.####''####......
#@.##...#..#.#...#
#####g#>.............
#.....#####...#.#.#.#
#....(+ #<..#.#.#.#
#.....# #.....#...#
#.....# #.#########
#.....# #.. .
.......# ...
#....#### ####


You could see Ijyb.

Vanquished Creatures
  A hound (D:3)
  3 adders (D:3)
  2 dart slugs
  3 orcs (D:3)
  A ball python (D:3)
  4 endoplasms (D:1)
  4 giant cockroaches
  3 goblins
  3 hobgoblins
  3 jackals (D:2)
  4 quokkas
  5 bats
  3 frilled lizards
  3 kobolds
  2 rats
44 creatures vanquished.

Notes
Turn   | Place    | Note
-------+----------+-------------------------------------------
     0 | D:1      | KittyFluff the Gargoyle Berserker began the quest for the
                  | Orb.
     0 | D:1      | Reached XP level 1. HP: 14/14 MP: 1/1
    50 | D:1      | You fall into a shaft and drop 1 floor!
   350 | D:1      | Reached XP level 2. HP: 19/19 MP: 2/2
   780 | D:2      | Reached XP level 3. HP: 19/24 MP: 3/3
  1006 | D:2      | Reached ** piety under Trog
  1366 | D:3      | Found a faded altar of an unknown god.
  1722 | D:3      | Reached XP level 4. HP: 28/29 MP: 4/4
  1780 | D:3      | Reached skill level 4 in Maces & Flails
  1859 | D:3      | Noticed Ijyb
  1864 | D:3      | Paralysed by Ijyb for 3 turns
  1884 | D:3      | Paralysed by Ijyb for 2 turns
  1890 | D:3      | Paralysed by Ijyb for 3 turns
  1908 | D:3      | Slain by Ijyb

Illustrated notes

Levels and vault maps discovered:
D:1:      ebering_trefoil_3fold, layout_loops_ring, palyth_stone_intersect,
          st_stairs_13, chequers_serial_rivers_small_3
D:2:      layout_loops_ring
D:3:      minmay_inner_zag, layout_basic, basic_ecumenical_altar,
          kennysheep_generic_room_6, uniq_ijyb

Skill      XL: |  1  2  3  4 |
---------------+-------------+-----
Dodging        | 2 |  2.2
Maces & Flails | 4 |  4.1
Armour         | 3 |  3.0
Fighting       | |  3.8
Stealth        | |  0.4
Shields        | |  0.3

Action                     |  1- 3 |  4- 6 || total
---------------------------+-------+-------++-------
  Melee: Mace              |   115 |    52 ||   167
  Throw: Dart              |       |     4 ||     4
   Stab: Sleeping          |     1 |       ||     1
 Armour: Animal skin       |    39 |    15 ||    54
  Dodge: Dodged            |    77 |    32 ||   109
  Block: Kite shield       |    16 |    20 ||    36
